 Dungeon Crawl Stone Soup version 0.28-a0-823-gb444dcf96d (webtiles) character file.

Game seed: 5096222802300361302

4 siradein the Ruffian (level 1, -12/22 HPs)
             Began as a Troll Monk on Nov 9, 2021.
             Engulfed by a cloud of flame (23 damage)
             ... on level 1 of the Dungeon.
             The game lasted 00:00:18 (49 turns).

siradein the Ruffian (Troll Monk)                     Turns: 49, Time: 00:00:19

Health: -12/22     AC:  4    Str: 18    XL:     1   Next: 58%
Magic:  0/0        EV: 10    Int:  6    God:
Gold:   12         SH:  0    Dex: 12    Spells: 0/0 levels left

rFire   . . .      SeeInvis .     - Unarmed
rCold   . . .      Faith    .   (no shield)
rNeg    . . .      Spirit   .   a - +0 robe
rPois   .          Reflect  .   (helmet restricted)
rElec   .          Harm     .   (no cloak)
rCorr   .          Rampage  .   (gloves unavailable)
Will    .....                   (boots unavailable)
Stlth   ++........              (no amulet)
HPRegen 1.07/turn               (no ring)
MPRegen 0.07/turn               (no ring)

@: no status effects
A: large, unfitting armour, claws 3, regeneration 1, shaggy fur 1, tough skin 1
a: no special abilities


You were on level 1 of the Dungeon.
You visited 1 branch of the dungeon, and saw 1 of its levels.

You collected 12 gold pieces.

Inventory:

Armour
 a - a +0 robe (worn)


   Skills:
 + Level 2.5 Fighting
 + Level 2.5 Dodging
 - Level 1.0 Stealth
 + Level 3.1 Unarmed Combat


You couldn't memorise any spells.
You didn't know any spells.
Your spell library was empty.

Dungeon Overview and Level Annotations

Branches:
Dungeon (1/15)

Altars:


Innate Abilities, Weirdness & Mutations

You are too large for most types of armour.
You have claws for hands.
Your natural rate of healing is unusually fast.
You are covered in fur. (AC +1)
You have tough skin. (AC +1)


Message History

You closely miss the goblin. The bat hits you but does no damage.
The goblin misses you.
You barely miss the goblin. The bat barely misses you.
You scratch the goblin.
You kill the goblin!
The bat barely misses you.
The kobold throws a stone.
The stone barely misses you.
You claw the bat!
You kill the bat!
An endoplasm comes into view.
The endoplasm quivers.
The kobold hits you but does no damage.
You scratch the kobold.
You kill the kobold!
Things that are here:
a +0 short sword; 5 stones You claw the endoplasm!
You kill the endoplasm!
No target in view!
A bat comes into view.
Found 26 gold pieces.
A bat is nearby!
A bat is nearby!
No reachable target in view!
Found 7 gold pieces.
Found 11 gold pieces.
Really walk into a travel-excluded area? [Y]es or [N]o only, please.
Really walk into a travel-excluded area?
Really walk into that cloud of flame? [Y]es or [N]o only, please.
Really walk into that cloud of flame? [Y]es or [N]o only, please.
Really walk into that cloud of flame?
You are engulfed in blazing flames.
Ouch! That really hurt!
The bat barely misses you.
You are engulfed in blazing flames.
Ouch! That really hurt!
You die...

#.....)...# #§..#
...........#####...#####
............○§§.$...§§..
............°☼§...$.§○
............°○○.$$..§
..########.#####...# .
#.# #b§.# #.# #§○§# #.#
#@☼☼# #.#####...#
#........## ##########


You could see a bat.

Vanquished Creatures
  An endoplasm (D:1)
  A goblin (D:1)
  A kobold (D:1)
  A bat (D:1)
4 creatures vanquished.

Notes
Turn   | Place    | Note
-------+----------+-------------------------------------------
     0 | D:1      | siradein the Troll Monk began the quest for the Orb.
     0 | D:1      | Reached XP level 1. HP: 22/22 MP: 0/0
    49 | D:1      | Engulfed by a cloud of flame

Illustrated notes

Levels and vault maps discovered:
D:1:      tarquinn_simple_flora_water_b, layout_basic, lemuel_flame_loot_1

Action                   || total
-------------------------++-------
Melee: Unarmed           ||     8
Armor: Robe              ||     3
Dodge: Dodged            ||     6

Table legend: (Time is in decaauts)
 A = Elapsed time spent in this place.
 B = Non-inter-level travel time spent in this place.
 C = Inter-level travel time spent in this place.
 D = Time resting spent in this place.
 E = Time spent auto-exploring this place.
 F = Levels seen in this place.
 G = Mean time per level.
                   A        B        C        D        E       F      G
               +--------+--------+--------+--------+--------+-----+--------+
         Total |     48 |     48 |      0 |      0 |     17 |   1 |   48.0 |
       Dungeon |     48 |     48 |      0 |      0 |     17 |   1 |   48.0 |
               +--------+--------+--------+--------+--------+-----+--------+

Top non-repeatable levels by time:
     D:1: 48 daAuts
